 Dungeon Crawl Stone Soup version 0.19-a0-1007-g133f65f (webtiles) character file.

609 Implojin the Grappler (level 7, -1/66 HPs)
             Began as a Troll Fighter on July 19, 2016.
             Was an Initiate of Cheibriados.
             Slain by a killer bee (4 damage)
             ... on level 7 of the Dungeon.
             The game lasted 00:07:23 (1341 turns).

Implojin the Grappler (Troll Fighter)               Turns: 1341, Time: 00:07:24

Health: -1/66      AC:  5    Str: 26    XL:     7   Next: 19%
Magic:  6/6        EV: 13    Int:  5    God:    Cheibriados [......]
Gold:   102        SH:  9    Dex: 17    Spells: 0 memorised, 6 levels left

rFire  + . .     SeeInvis .       - Unarmed
rCold  . . .     Gourm    +     w - +0 robe {rF+}
rNeg   . . .     Faith    .     b - +0 shield
rPois  .         Spirit   .     (helmet restricted)
rElec  .         Dismiss  .     (no cloak)
rCorr  .         Reflect  .     (gloves unavailable)
SustAt .         Harm     .     (boots unavailable)
MR     .....                    (no amulet)
Stlth  +++.......               (no ring)
                                (no ring)

@: agile, lethally poisoned (-1 -> -1), drained, very slow, not resistant to
hostile enchantments, fairly stealthy
A: unfitting armour, claws 3, fast metabolism 3, gourmand, regeneration 2,
shaggy fur 1, tough skin 2
a: Bend Time, Renounce Religion


You were on level 7 of the Dungeon.
You worshipped Cheibriados.
Cheibriados was noncommittal.
You were not hungry.

You visited 2 branches of the dungeon, and saw 9 of its levels.

You collected 102 gold pieces.

Inventory:

Hand Weapons
 c - a cursed +2 war axe
 e - a +0 flail
 x - a +0 blowgun
Missiles
 o - 4 curare-tipped needles
 q - 8 javelins (quivered)
Armour
 a - a +0 robe
 b - a +0 shield (worn)
 w - a +0 robe of fire resistance (worn)
Wands
 i - a wand of iceblast (3/15)
 u - a wand of digging (10/24)
Scrolls
 k - a scroll of teleportation
 n - a scroll of remove curse
Potions
 g - a potion of flight
 h - a potion of agility
 m - a potion of resistance {unknown}
 p - 2 potions of berserk rage {unknown}
 t - a potion of lignification {unknown}
 v - a potion of invisibility {unknown}
Comestibles
 d - 4 bread rations
 f - 2 meat rations


   Skills:
 - Level 2.4(2.3) Fighting
 - Level 2.4(2.3) Dodging
 - Level 2.4(2.3) Shields
 * Level 8.0(7.9) Unarmed Combat


You had 6 spell levels left.
You didn't know any spells.

Dungeon Overview and Level Annotations

Branches:
Dungeon (8/15)             Temple (1/1) D:7
   Lair: D:8-11

Altars:
Ashenzari
Cheibriados
Dithmenos
Elyvilon
Gozag
Kikubaaqudgha
Nemelex Xobeh
Pakellas
Qazlal
Ru
Trog
Vehumet
Xom
The Shining One

Shops:
D:7 (

Annotations:
D:4 exclusion: upstairs


Innate Abilities, Weirdness & Mutations

You are too large for most types of armour.
You have claws for hands.
Your metabolism is lightning-fast.
You like to eat raw meat.
You heal very quickly.
You are covered in fur. (AC +1)
You have very tough skin. (AC +2)


Message History

Unknown command.
You miss the killer bee.
The killer bee is severely wounded.
You feel sick. The killer bee stings you!
* * * LOW HITPOINT WARNING * * *
The killer bee stings you.
* * * LOW HITPOINT WARNING * * *
The killer bee stings you!
* * * LOW HITPOINT WARNING * * *
You are more poisoned.
The killer bee poisons you! The killer bee stings you!
* * * LOW HITPOINT WARNING * * *
You claw the killer bee!
You kill the killer bee!
Cheibriados thoroughly appreciates the change of pace.
Your base Unarmed Combat skill increases to level 8!
You feel very sick. The killer bee barely misses you.
The killer bee stings you but does no damage.
Unknown command.
You scratch the killer bee.
The killer bee is lightly wounded.
You feel sick. The killer bee stings you.
* * * LOW HITPOINT WARNING * * *
The killer bee stings you.
* * * LOW HITPOINT WARNING * * *
You feel better. You block the killer bee's attack. The killer bee stings you.
* * * LOW HITPOINT WARNING * * *
You feel agile all of a sudden. The killer bee stings you.
* * * LOW HITPOINT WARNING * * *
You are poisoned.
The killer bee poisons you!
The killer bee stings you but does no damage.
Unknown command.
Unknown command.
You closely miss the killer bee.
The killer bee is lightly wounded.
You feel sick. You block the killer bee's attack. The killer bee stings you.
You die...

....#............#
....#............#
#.###............#
#.###..........>.#
.##.#............#
##..#........#...####.#
#.###.................#
.####........##y.#######
##.##........#..@.......
#.#.#........#....###...
.##.#........#....#
##.##........#.....
#_##.........#......
####.........####....
.......######... .....
.......# ... .#####
.......# ....


You could see a killer bee.

Vanquished Creatures
  An ogre (D:4)
  A scorpion (D:6)
  A killer bee (D:7)
  4 wights (D:4)
  A hound (D:4)
  A jelly (D:6)
  An orc priest (D:4)
  2 orc wizards
  A worker ant (D:7)
  4 gnolls (D:5)
  2 adders
  2 shadow imps
  2 worms (D:4)
  2 dart slugs (D:1)
  4 orcs
  2 ball pythons
  3 giant cockroaches
  2 quokkas (D:2)
  A bat (D:2)
  2 giant newts
  A goblin (D:2)
  A kobold (D:3)
  2 rats (D:2)
43 creatures vanquished.

Notes
Turn   | Place    | Note
-------+----------+-------------------------------------------
     0 | D:1      | Implojin the Troll Fighter began the quest for the Orb.
     0 | D:1      | Reached XP level 1. HP: 22/22 MP: 0/0
   120 | D:2      | Reached skill level 3 in Unarmed Combat
   120 | D:2      | Reached XP level 2. HP: 9/29 MP: 1/1
   304 | D:4      | Noticed an ogre
   316 | D:4      | Reached skill level 4 in Unarmed Combat
   316 | D:4      | Reached XP level 3. HP: 31/36 MP: 2/2
   325 | D:4      | Killed an ogre
   325 | D:4      | Reached skill level 5 in Unarmed Combat
   325 | D:4      | Reached XP level 4. HP: 9/44 MP: 3/3
   325 | D:4      | Reached XP level 5. HP: 11/50 MP: 4/4
   364 | D:5      | Entered Level 5 of the Dungeon
   515 | D:7      | Found a bloodstained altar of Trog.
   527 | D:7      | Found an ancient bone altar of Kikubaaqudgha.
   584 | D:7      | Found Wufrur's Antique Weapon Emporium.
   626 | D:6      | Reached skill level 6 in Unarmed Combat
   701 | D:4      | Found an opulent altar of Gozag.
   702 | D:4      | Found a sparkling altar of Nemelex Xobeh.
   730 | D:4      | Reached XP level 6. HP: 59/59 MP: 5/5
   746 | D:4      | Reached skill level 7 in Unarmed Combat
   887 | D:6      | Noticed an ice beast
  1045 | D:6      | Reached XP level 7. HP: 34/66 MP: 6/6
  1174 | D:7      | Found a sacrificial altar of Ru.
  1228 | D:7      | Found a staircase to the Ecumenical Temple.
  1237 | Temple   | Entered the Ecumenical Temple
  1311 | Temple   | Became a worshipper of Cheibriados the Contemplative
  1337 | D:7      | Reached skill level 8 in Unarmed Combat
  1341 | D:7      | HP: 3/66 [poisoned by a killer bee]
  1341 | D:7      | Slain by a killer bee

Vault maps used:
D:1:      lightli_arrival_boilingwater, corexii_leaking_fountain
D:2:      lemuel_coloured_pillars_altar, serial_curves, eino_curves_03,
          eino_curves_02
D:3:      fedhas_altar_4, zin_purify, eat_drink_and_be_merry_uskayaw,
          nicolae_ru_sacrificial_ziggurat
D:4:      grunt_temple_overflow_opulence, first_bread,
          kennysheep_generic_room_13
D:7:      marbit_many_paths, kennysheep_mini_moat,
          nicolae_overflow_hidden_temple, kennysheep_mini, serial_shops, shop,
          nicolae_shop_crystal, minivault_26
D:8:      lemuel_round_altar, hangedman_little_slice_of_home
Temple:   nicolae_temple_figure_zero

Skill      XL: |  1  2  3  4  5  6  7 |
---------------+----------------------+-----
Unarmed Combat | 3 4 5 6 7 8 |  8.0
Fighting       | |  2.4
Dodging        | |  2.4
Shields        | |  2.4

Action                   |  1- 3 |  4- 6 |  7- 9 || total
-------------------------+-------+-------+-------++-------
Melee: Unarmed           |    71 |    67 |    25 ||   163
  Use: Potion            |     1 |     1 |     2 ||     4
       Scroll            |       |     5 |     4 ||     9
 Stab: Distracted        |     1 |       |       ||     1
  Eat: Chunk             |     4 |     6 |       ||    10
Armor: Robe              |    53 |    14 |     7 ||    74
Dodge: Dodged            |    51 |    20 |     6 ||    77
Block: Shield            |    63 |    25 |     7 ||    95

Table legend:
 A = Turns spent in this place as a percentage of turns spent in the entire game.
 B = Non-inter-level travel turns spent in this place as a percentage of non-inter-level travel turns spent in the entire game.
 C = Inter-level travel turns spent in this place as a percentage of turns spent in this place.
 D = Turns resting spent in this place as a percentage of non-inter-level travel turns spent in this place.
 E = Turns spent auto-exploring this place as a percentage of non-inter-level travel turns spent in this place.
 F = Non-inter-level travel turns spent in this place divided by the number of levels of this place that you've seen.
                   A       B       C       D       E      F
               +-------+-------+-------+-------+-------+----------------------
         Total | 100.0 | 100.0 |   0.0 |   0.0 |   0.0 | 151.6
       Dungeon |  93.0 |  93.0 |   0.0 |   0.0 |   0.0 | 158.5
        Temple |   7.0 |   7.0 |   0.0 |   0.0 |   0.0 |  96.0
               +-------+-------+-------+-------+-------+----------------------

Table legend:
 A = Kills in this place as a percentage of kills in entire the game.
 B = Kills by you in this place as a percentage of kills by you in the entire game.
 C = Kills by friends in this place as a percentage of kills by friends in the entire game.
 D = Other kills in this place as a percentage of other kills in the entire game.
 E = Experience gained in this place as a percentage of experience gained in the entire game.
 F = Experience gained in this place divided by the number of levels of this place that you have seen.
                   A       B       C       D       E      F
               +-------+-------+-------+-------+-------+----------------------
         Total | 100.0 | 100.0 |  -nan |  -nan | 100.0 |  96.8
       Dungeon | 100.0 | 100.0 |  -nan |  -nan | 100.0 | 108.9
               +-------+-------+-------+-------+-------+----------------------
